 Dungeon Crawl Stone Soup version 0.19-a0-994-g3c636f0 (webtiles) character file.

42 ololoev the Vandal (level 3, 27/32 HPs)
             Began as a Deep Dwarf Hunter on July 15, 2016.
             Was a Follower of Kikubaaqudgha.
             Quit the game on level 2 of the Dungeon.
             The game lasted 00:02:14 (1175 turns).

ololoev the Vandal (Deep Dwarf Hunter)              Turns: 1175, Time: 00:02:14

Health: 27/32      AC:  8    Str: 16    XL:     3   Next: 33%
Magic:  4/4        EV:  7    Int: 11    God:    Kikubaaqudgha [*.....]
Gold:   5          SH:  0    Dex: 13    Spells: 0 memorised, 2 levels left

rFire  . . .     SeeInvis .     b - +1 hunting sling
rCold  . . .     Gourm    .     l - +0 chain mail
rNeg   . . .     Faith    .     (no shield)
rPois  .         Spirit   .     (no helmet)
rElec  .         Dismiss  .     (no cloak)
rCorr  .         Reflect  .     (no gloves)
SustAt .         Harm     .     (no boots)
MR     .....                    (no amulet)
Stlth  ..........               (no ring)
                                (no ring)

@: non-regenerating, not resistant to hostile enchantments, extremely unstealthy
A: damage resistance, recharge devices, sense surroundings 1, slow regeneration
3
a: Device Recharging, Receive Corpses, Renounce Religion


Innate Abilities, Weirdness & Mutations

You are resistant to damage.
You can recharge devices by infusing magical energy.
You passively map a small area around you.
You do not regenerate naturally.

Inventory:

Hand Weapons
 a - a +0 whip
 b - a +1 hunting sling (weapon)
Missiles
 c - 52 stones (quivered)
 d - 42 sling bullets
Armour
 l - a +0 chain mail (worn)
Wands
 e - a wand of heal wounds (5/9)
Scrolls
 g - a scroll of random uselessness {unknown}
 h - a scroll of magic mapping {unknown}
 j - a scroll of enchant armour {unknown}
 k - 2 scrolls of identify {unknown}
Comestibles
 f - 2 bread rations
 i - a meat ration


   Skills:
 + Level 2.0 Fighting
 * Level 1.5 Maces & Flails
 - Level 4.3 Slings
 + Level 1.3 Armour
 + Level 2.5 Dodging
 - Level 1.2 Stealth
 + Level 1.5 Evocations


You had 2 spell levels left.
You didn't know any spells.


You were on level 2 of the Dungeon.
You worshipped Kikubaaqudgha.
Kikubaaqudgha was aware of your devotion.
You were hungry.

You visited 1 branch of the dungeon, and saw 2 of its levels.

You collected 5 gold pieces.

* * , ##+# , ,
##...## ,
##.....## ,
##...<(..## *
#.......(.# ,
+........(+, , ,
* *#.....#.).#*
, #...#@#.## , ,
#...#..# * *
##...†.# *
##+.### #..# .*
#.########
,#.####>........
* #..........##
* , *
##......##.#*

Notes
Turn   | Place    | Note
-------+----------+-------------------------------------------
     0 | D:1      | ololoev the Deep Dwarf Hunter began the quest for the Orb.
     0 | D:1      | Reached XP level 1. HP: 19/19 MP: 1/1
    50 | D:1      | Reached skill level 1 in Evocations
   196 | D:1      | Reached XP level 2. HP: 24/26 MP: 2/2
   428 | D:1      | Reached skill level 1 in Maces & Flails
   447 | D:1      | Reached skill level 1 in Armour
   582 | D:1      | Reached XP level 3. HP: 27/32 MP: 4/4
  1168 | D:2      | Found a faded altar of an unknown god.
  1175 | D:2      | Became a worshipper of Kikubaaqudgha
  1175 | D:2      | Reached * piety under Kikubaaqudgha
  1175 | D:2      | Received a gift from Kikubaaqudgha
  1175 | D:2      | Quit the game

Dungeon Overview and Level Annotations

Branches:
Dungeon (2/15)

Altars:
Kikubaaqudgha


Message History

A rat comes into view.
A rat is nearby!
Firing (i - inventory. (,) - cycle):
c - 49 stones (quivered)
Press: ? - help, Shift-Dir - straight line, f - rat
Aim: a rat (hasn't noticed you)
You shoot a stone. The stone hits the rat.
You kill the rat!
No target in view!
No target in view!
No target in view!
No target in view!
No target in view!
No target in view!
No target in view!
No target in view!
No target in view!
No target in view!
k - 2 scrolls labeled LYANLO XIMAXO (gained 1)
A goblin comes into view.
The goblin shouts!
The goblin moves out of view.
There is a stone staircase leading down here.
You see here a stone.
A goblin is nearby!
A goblin is nearby!
Firing (i - inventory. (,) - cycle):
c - 48 stones (quivered)
Press: ? - help, Shift-Dir - straight line, f - goblin
Aim: a goblin You shoot a stone.
The stone hits the goblin.
You kill the goblin!
A kobold comes into view. It is wielding a dagger.
Firing (i - inventory. (,) - cycle):
c - 47 stones (quivered)
Press: ? - help, Shift-Dir - straight line, f - kobold
Aim: a kobold, wielding a dagger (hasn't noticed you)
You shoot a stone. The stone closely misses the kobold.
The kobold shouts!
The kobold throws a stone.
The stone barely misses you.
Firing (i - inventory. (,) - cycle):
c - 46 stones (quivered)
Press: ? - help, Shift-Dir - straight line, f/p - kobold
Aim: a kobold, wielding a dagger You shoot a stone.
The stone hits the kobold.
You kill the kobold!
No target in view!
No target in view!
No target in view!
No target in view!
No target in view!
No target in view!
No target in view!
No target in view!
No target in view!
No target in view!
No target in view!
No target in view!
No target in view!
No target in view!
No target in view!
No target in view!
No target in view!
No target in view!
No target in view!
No target in view!
No target in view!
No target in view!
c - 46 stones (gained 1)
c - 47 stones (gained 1)
There is a stone staircase leading down here.
Found a faded altar of an unknown god.
You see here a goblin corpse.
Found an escape hatch in the ceiling.
c - 52 stones (gained 5)
Things that are here:
a dagger; a kobold corpse
There is a faded altar of an unknown god here.
You cannot tell which god this altar belongs to.
Convert to them anyway?
Kikubaaqudgha accepts your prayer! Kikubaaqudgha welcomes you!
You can now receive cadavers from Kikubaaqudgha.
Kikubaaqudgha grants you a gift!
Are you sure you want to abandon this character and quit the game? (Confirm with "yes".)

There were no monsters in sight!

Vanquished Creatures
  2 dart slugs (D:1)
  4 giant cockroaches
  6 goblins
  8 hobgoblins
  3 bats (D:1)
  A giant newt (D:1)
  5 kobolds
  5 rats
34 creatures vanquished.

Action                   || total
-------------------------++-------
 Fire: Hunting sling     ||    80
Armor: Ring mail         ||     6
Dodge: Dodged            ||    14

Vault maps used:
D:1:      tarquinn_simple_flora_water_f
D:2:      ecumenical_altar_1, minmay_misc_feat_plants, minmay_misc_feat_tower
